 Dungeon Crawl Stone Soup version 0.27-a0-1228-gfd60fd639a (webtiles) character file.

Game seed: 18312918381347364631

97 ZappyNine the Grave Robber (level 4, -3/45 HPs)
             Began as an Ogre Necromancer on June 7, 2021.
             Slain by a scorpion (6 damage)
             ... on level 4 of the Dungeon.
             The game lasted 00:04:46 (4626 turns).

ZappyNine the Grave Robber (Ogre Necromancer)       Turns: 4626, Time: 00:04:47

Health: -3/45      AC:  5    Str: 13 (15) XL:     4   Next: 68%
Magic:  0/9        EV:  9    Int: 13 (16) God:
Gold:   176        SH:  0    Dex:  6 (9)  Spells: 5/10 levels left

rFire    . . .     SeeInvis .   b - +1 dagger
rCold    + . .     Faith    .   (no shield)
rNeg     . . .     Spirit   +   a - +0 robe
rPois    .         Reflect  .   (helmet restricted)
rElec    .         Harm     .   (no cloak)
rCorr    .         Rampage  .   (gloves unavailable)
Will     .....                  (boots unavailable)
Stlth    +.........             d - amulet of guardian spirit
HPRegen  0.15/turn              (no ring)
MPRegen  0.11/turn              (no ring)

@: mighty, lethally poisoned (-3 -> -11), flying
A: large, unfitting armour, tough skin 1, iridescent scales 1, cold resistance
1, strong 1
a: no special abilities


You were on level 4 of the Dungeon.
You visited 1 branch of the dungeon, and saw 4 of its levels.

You collected 176 gold pieces.

Inventory:

Hand Weapons
 b - a +1 dagger (weapon)
Missiles
 j - 2 throwing nets
 m - 8 datura-tipped darts
Armour
 a - a +0 robe (worn)
Jewellery
 d - an amulet of guardian spirit (around neck)
Scrolls
 h - 3 scrolls of identify
Potions
 g - a potion of degeneration


   Skills:
 + Level 3.0 Fighting
 - Level 1.7 Dodging
 - Level 1.4 Stealth
 + Level 3.6 Spellcasting
 + Level 4.2 Necromancy


You had 5 spell levels left.
You knew the following spells:

 Your Spells              Type           Power      Damage    Failure   Level
a - Pain                  Necr           52%        1d6       3%          1
b - Animate Skeleton      Necr           26%        N/A       3%          1
c - Vampiric Draining     Necr           6%         2d6       11%         3

Your spell library contained the following spells:

 Spells                   Type           Power      Damage    Failure   Level
 Freeze                   Ice            8%         1d3       22%         1
 Shock                    Conj/Air       8%         1d3       22%         1
 Static Discharge         Conj/Air       2%         N/A       32%         2
 Animate Dead             Necr           6%         N/A       36%         4
 Frozen Ramparts          Ice            4%         1d2       54%         3
 Ozocubu's Armour         Ice            2%         N/A       54%         3
 Swiftness                Air            2%         N/A       54%         3
 Agony                    Necr           13%        N/A       71%         5
 Airstrike                Air            1%         N/A       91%         4
 Hailstorm                Conj/Ice       2%         3d3       91%         4
 Lightning Bolt           Conj/Air       1%         1d12      99%         5
 Metabolic Englaciation   Hex/Ice        1%         N/A       99%         5


Dungeon Overview and Level Annotations

Branches:
Dungeon (4/15)
 Temple: D:4-7

Altars:
Hepliaklqana
Uskayaw
Xom

Annotations:
D:3 1 runed translucent door, Crazy Yiuf


Innate Abilities, Weirdness & Mutations

You are too large for most types of armour.
You have tough skin. (AC +1)
You are partially covered in iridescent scales. (AC +2)
Your flesh is cold resistant. (rC+)
Your muscles are strong. (Str +2)


Message History

You are too injured to fight recklessly!
You are too injured to fight recklessly!
You are too injured to fight recklessly!
You are too injured to fight recklessly!
You are too injured to fight recklessly!
You are too injured to fight recklessly!
You are too injured to fight recklessly!
You are too injured to fight recklessly!
You are too injured to fight recklessly!
Unknown command.
You feel sick.
You are no longer poisoned.
The adder bites you. The adder barely misses you.
It was a potion of degeneration.
There was something very wrong with that liquid.
You feel weakened.
You feel dopey.
You feel clumsy. The scorpion barely misses you. The adder closely misses you.
The scorpion stings you.
It was a potion of might.
You feel very mighty all of a sudden. The adder bites you.
The scorpion stings you!
* * * LOW HITPOINT WARNING * * *
Casting: Vampiric Draining (dangerous; 12% risk of failure)
Confirm with . or Enter, or press ? or * to list all spells.
You don't have enough magic to cast this spell.
You puncture the adder!
You kill the adder!
The scorpion stings you.
* * * LOW HITPOINT WARNING * * *
You are lethally poisoned!
The scorpion poisons you!
Your Fighting skill increases to level 3!
Unknown command.
It was a potion of flight.
You feel very buoyant.
You fly up into the air.
* * * LOW HITPOINT WARNING * * *
You feel very sick. The scorpion stings you!
You die...

.......####......#
###.#### ######.#
.. #.# ## #.# ##.#
####### ##..#####
#.....# #.......#
#.....###..####.#
#....@##.........
#....†s..###.##.#
#.....##.# .#
########.# . ...
.. ##.^ ## .s_
.^^^ .....


You could see a scorpion.

Vanquished Creatures
  3 adders
  4 orcs (D:3)
  4 ball pythons
  6 endoplasms
  2 giant cockroaches (D:1)
  5 goblins
  3 hobgoblins (D:1)
  7 jackals
  5 quokkas
  3 bats
  5 frilled lizards (D:1)
  8 kobolds
  3 rats
58 creatures vanquished.

Vanquished Creatures (collateral kills)
  A ball python (D:2)
1 creature vanquished.

Vanquished Creatures (others)
  3 fungi (D:3)
3 creatures vanquished.

Grand Total: 62 creatures vanquished

Notes
Turn   | Place    | Note
-------+----------+-------------------------------------------
     0 | D:1      | ZappyNine the Ogre Necromancer began the quest for the Orb.
     0 | D:1      | Reached XP level 1. HP: 16/16 MP: 3/3
   476 | D:1      | Reached skill level 1 in Fighting
   476 | D:1      | Reached XP level 2. HP: 24/27 MP: 2/5
   478 | D:1      | Learned a level 1 spell: Animate Skeleton
  1258 | D:1      | Reached XP level 3. HP: 12/35 MP: 3/7
  1488 | D:1      | Learned a level 3 spell: Vampiric Draining
  1858 | D:1      | Reached skill level 4 in Necromancy
  1980 | D:1      | Found a faded altar of an unknown god.
  3253 | D:3      | Found a hazy altar of Hepliaklqana.
  3338 | D:3      | Reached XP level 4. HP: 38/44 MP: 2/9
  4086 | D:3      | Found a hide-covered altar of Uskayaw.
  4483 | D:3      | Found a runed translucent door.
  4484 | D:3      | Noticed Crazy Yiuf
  4490 | D:3      | Gained mutation: Your muscles are strong. (Str +2) [potion
                  | of mutation]
  4490 | D:3      | Gained mutation: Your flesh is cold resistant. (rC+)
                  | [potion of mutation]
  4490 | D:3      | Gained mutation: You are partially covered in iridescent
                  | scales. (AC +2) [potion of mutation]
  4609 | D:4      | Found a shimmering altar of Xom.
  4609 | D:4      | Noticed a scorpion
  4626 | D:4      | Slain by a scorpion

Illustrated notes

Levels and vault maps discovered:
D:1:      wander_arrival_lonely_grave, layout_basic,
          ebering_ecumenical_altar_webs
D:2:      layout_basic, serial_aquarium, aquarium_bridge_straight
          [aquarium_subvault_bridge, aquarium_subvault_wall,
          aquarium_subvault_bridge, aquarium_subvault_wall], aquarium_window_2,
          aquarium_window_corner, aquarium_window_fake, aquarium_window_fake,
          aquarium_view_2f, aquarium_balcony_1b, aquarium_pool_S
D:3:      layout_loops_cross, old_standard_altar, amcnicky_altar_gilded,
          kennysheep_boxes, uniq_crazy_yiuf_cottage
D:4:      layout_loops_cross, xom_teletrap_fun, temple_pool_b,
          palyth_stone_intersect

Skill      XL: |  1  2  3  4 |
---------------+-------------+-----
Fighting       | 1 2 3 |  3.0
Spellcasting   | 3 |  3.6
Necromancy     | 4 |  4.2
Dodging        | |  1.7
Stealth        | |  1.4

Action                   |  1- 3 |  4- 6 || total
-------------------------+-------+-------++-------
Melee: Unarmed           |     7 |       ||     7
       Dagger            |   222 |    93 ||   315
 Cast: Pain              |    17 |     1 ||    18
       Animate Skeleton  |     4 |       ||     4
       Vampiric Draining |     2 |     4 ||     6
  Use: Scroll            |       |     5 ||     5
       Potion            |       |     4 ||     4
 Stab: Sleeping          |     3 |       ||     3
Armor: Robe              |   103 |    43 ||   146
Dodge: Dodged            |   132 |    65 ||   197

Table legend: (Time is in decaauts)
 A = Elapsed time spent in this place.
 B = Non-inter-level travel time spent in this place.
 C = Inter-level travel time spent in this place.
 D = Time resting spent in this place.
 E = Time spent auto-exploring this place.
 F = Levels seen in this place.
 G = Mean time per level.
                   A        B        C        D        E       F      G
               +--------+--------+--------+--------+--------+-----+--------+
         Total |   4624 |   4573 |     51 |    755 |   3063 |   4 | 1156.0 |
       Dungeon |   4624 |   4573 |     51 |    755 |   3063 |   4 | 1156.0 |
               +--------+--------+--------+--------+--------+-----+--------+

Top non-repeatable levels by time:
     D:1: 2127 daAuts
     D:3: 1286 daAuts
     D:2: 1101 daAuts
     D:4: 108 daAuts
